 Dungeon Crawl Stone Soup version 0.24-a0-613-g1ff6aac338 (webtiles) character file.

Game seed: 1901232395734367291, levelgen mode: deterministic

65 Jorund the Vexing (level 4, -4/32 HPs)
             Began as a Formicid Arcane Marksman on Sept 11, 2019.
             Slain by a goblin
             ... wielding a +0 hand axe
             ... led by Robin
              (5 damage)
             ... on level 2 of the Dungeon.
             The game lasted 00:04:04 (2173 turns).

Jorund the Vexing (Formicid Arcane Marksman)        Turns: 2173, Time: 00:04:04

Health: -4/32      AC:  2    Str: 15    XL:     4   Next: 34%
Magic:  14/14      EV: 12    Int: 18    God:
Gold:   77         SH:  4    Dex: 11    Spells: 2/5 levels left

rFire    + . .     SeeInvis +   c - +0 hand axe
rCold    + . .     Gourm    .   (no shield)
rNeg     . . .     Faith    .   e - +0 robe
rPois    +         Spirit   .   (helmet unavailable)
rElec    +         Reflect  .   (no cloak)
rCorr    +         Harm     .   (no gloves)
MR       .....                  (no boots)
Stlth    +.........             (no amulet)
HPRegen  0.10/turn              s - ring of magical power
MPRegen  0.14/turn              (no ring)

@: brilliant, resistant
A: permanent stasis, dig shafts and tunnels, four strong arms, antennae 3, large
bone plates 1, blurry vision 1
a: Dig, Shaft Self


You were on level 2 of the Dungeon.
You were hungry.

You visited 1 branch of the dungeon, and saw 2 of its levels.

You collected 77 gold pieces.

Inventory:

Hand Weapons
 a - a +0 hand crossbow
 c - a +0 hand axe (weapon)
Missiles
 d - 26 bolts
Armour
 e - a +0 robe (worn)
 h - a +0 shield
 j - a +0 buckler
Jewellery
 s - a ring of magical power (left hand)
Scrolls
 g - 2 scrolls of identify {unknown}
 k - a scroll of fear {unknown}
 l - 2 scrolls of teleportation {unknown}
 n - a scroll of enchant armour {unknown}
 o - a scroll of random uselessness {unknown}
 r - a scroll of fog {unknown}
Potions
 b - 2 potions of brilliance
 m - a potion of resistance
Comestibles
 f - 6 rations
 q - a chunk of flesh


   Skills:
 - Level 1.1 Fighting
 * Level 1.6 Axes
 + Level 3.2 Crossbows
 - Level 1.7 Dodging
 + Level 1.1 Spellcasting
 + Level 4.3 Hexes


You had 2 spell levels left.
You knew the following spells:

 Your Spells              Type           Power        Failure   Level  Hunger
a - Corona                Hex            ####...      1%          1    ##.....
b - Slow                  Hex            ####....     1%          2    ###....

Your spell library contained the following spells:

 Spells                   Type           Power        Failure   Level  Hunger
 Inner Flame              Hex/Fire       ###.....     3%          3    ####...
 Portal Projectile        Hex/Tloc       ###...       3%          3    ####...
 Cause Fear               Hex            ####......   4%          4    #####..
 Leda's Liquefaction      Hex/Erth       ###.......   10%         4    #####..


Dungeon Overview and Level Annotations

Branches:
Dungeon (2/15)

Altars:
Ashenzari

Annotations:
D:2 Robin


Innate Abilities, Weirdness & Mutations

You cannot be hasted, slowed, berserked, paralysed or teleported.
You can dig through walls and to a lower floor.
Your four strong arms can wield two-handed weapons with a shield.
You have a pair of large antennae on your head. (SInv)
You are partially covered in large bone plates. (SH +4)
Scrolls take you a little longer to read.


Message History

The goblin hits you with a cursed -2 club.
* * * LOW HITPOINT WARNING * * *
The goblin closely misses you. The goblin misses you.
The adder closely misses you.
It was a potion of mutation.
You feel extremely strange.
Your vision blurs.
Large bone plates grow over parts of your arms.
You block the adder's attack. The goblin barely misses you.
You block the goblin's attack. The goblin misses you.
You block the goblin's attack.
It was a potion of magic.
Magic courses through your body. The adder barely misses you.
The goblin barely misses you. The goblin closely misses you.
The goblin hits you but does no damage. The goblin barely misses you.
You block the adder's attack.
Unknown command.
The goblin closely misses you. The goblin hits you with a +0 club.
* * * LOW HITPOINT WARNING * * *
The goblin unwields a +0 hunting sling.
The goblin wields a +0 club.
The goblin hits you but does no damage. The goblin hits you with a +0 hand axe.
You die...

#..............#......#..........
......................#.#........
....###......#(#....(.#.#........
...............######g#'#........
#..........##### #))..........
...........##########............
...........#........รท............
...........#.#.gg..(.............
...........#.#gS@..).............
......#....#.#ggg(...............
......#......g.g.......>.........
......#..........................
..g..#.....<.........#.....######
....................##...... ...
(...................# .)... .....
..................... .. ......
##....##............## ......


You could see Robin, an adder, a hobgoblin and 6 goblins.

Vanquished Creatures
  2 adders (D:2)
  3 dart slugs
  2 leopard geckos
  6 bats
  2 giant cockroaches (D:1)
  7 goblins
  4 hobgoblins
  5 kobolds
  A ball python (D:2)
  3 frilled lizards
  3 rats (D:2)
38 creatures vanquished.

Notes
Turn   | Place    | Note
-------+----------+-------------------------------------------
     0 | D:1      | Jorund the Formicid Arcane Marksman began the quest for the
                  | Orb.
     0 | D:1      | Reached XP level 1. HP: 15/15 MP: 2/2
    37 | D:1      | Reached skill level 4 in Hexes
    42 | D:1      | Reached XP level 2. HP: 21/21 MP: 3/3
   721 | D:1      | Reached XP level 3. HP: 25/26 MP: 4/4
   852 | D:2      | Reached skill level 1 in Axes
  1252 | D:2      | Noticed Robin
  1543 | D:2      | Found a shattered altar of Ashenzari.
  1889 | D:2      | Reached XP level 4. HP: 32/32 MP: 5/5
  2016 | D:2      | Learned a level 2 spell: Slow
  2171 | D:2      | Gained mutation: Scrolls take you a little longer to read.
                  | [potion of mutation]
  2171 | D:2      | Gained mutation: You are partially covered in large bone
                  | plates. (SH +4) [potion of mutation]
  2173 | D:2      | HP: 1/32 [goblin/+0 club[Robin] (5)]
  2173 | D:2      | Slain by a goblin

Levels and vault maps discovered:
D:1:      dpeg_arrival_yet_another_circle, layout_basic
D:2:      layout_basic, overflow_temple_1_default, uniq_robin

Skill      XL: |  1  2  3 |
---------------+----------+-----
Hexes          | 4 |  4.3
Axes           | 1 |  1.6
Crossbows      | 3 |  3.2
Fighting       | |  1.1
Dodging        | |  1.7
Spellcasting   | |  1.1

Action                   |  1- 3 |  4- 6 || total
-------------------------+-------+-------++-------
Melee: Hand axe          |    66 |    19 ||    85
 Fire: Hand crossbow     |    40 |       ||    40
  Use: Potion            |       |     4 ||     4
 Stab: Sleeping          |     1 |       ||     1
  Eat: Chunk             |     3 |       ||     3
Armor: Robe              |    22 |     2 ||    24
Dodge: Dodged            |    60 |    30 ||    90
Block: Other             |       |     4 ||     4

Table legend:
 A = Non-vault XP
 B = Vault XP
 C = Vault XP percentage of total XP
 D = Non-vault monster count
 E = Vault monster count
 F = Vault count percentage of total count
                 A         B        C        D         E       F
            +---------+---------+-------+---------+---------+-------
      Total |      83 |      10 |  10.8 |      33 |       5 |  13.2
            +---------+---------+-------+---------+---------+-------
        D:1 |      29 |       4 |  12.1 |      15 |       2 |  11.8
        D:2 |      54 |       6 |  10.0 |      18 |       3 |  14.3
            +---------+---------+-------+---------+---------+-------
